SAA
ATLANTIC CITY SONICS @ BILOXI SHUCKERS
07/04/2042
 
TOP OF THE 1ST
Atlantic City Sonics batting - Pitching for Biloxi Shuckers : LHP Morgan Novak
Pitching: LHP Morgan Novak
Batting: RHB Jerry Scott 0-0: Ball
1-0: Ball
2-0: Swinging Strike
2-1: Ball
3-1: Swinging Strike
3-2: Strikes out swinging
Batting: RHB Garm van Opdorp 0-0: Called Strike
0-1: Ball
1-1: Called Strike
1-2: Ball
2-2: Foul Ball, location: 2F
2-2: Ground out 6-3 (Groundball, 6M, EV 86.9 MPH)
Batting: RHB Román Ramírez 0-0: Ball
1-0: SINGLE (Groundball, 3S, EV 83.1 MPH) (infield hit)
Batting: RHB Raffaello Dichio 0-0: Ball
1-0: Ball
2-0: Ball
3-0: Foul Ball, location: 2F
3-1: Base on Balls
Román Ramírez to second
Batting: RHB Luis Rodríguez 0-0: Ball
1-0: Ball
2-0: Foul Ball, location: 2F
2-1: Foul Ball, location: 2F
2-2: Ground out 5-3 (Groundball, 56S, EV 62.5 MPH)
Top of the 1st over - 0 runs, 1 hit, 0 errors, 2 left on base; Atlantic City 0 - Biloxi 0
BOTTOM OF THE 1ST
Biloxi Shuckers batting - Pitching for Atlantic City Sonics : LHP Pepe Fontirroig
Pitching: LHP Pepe Fontirroig
Batting: RHB Raúl Yánez 0-0: Called Strike
0-1: Foul Ball, location: 2F
0-2: Ball
1-2: Ball
2-2: Ball
3-2: Ground out 5-3 (Groundball, 56S, EV 80.0 MPH)
Batting: RHB Ricardo Ojíto 0-0: Called Strike
0-1: Ground out 6-3 (Groundball, 6, EV 91.9 MPH)
Batting: RHB Habib Othman 0-0: Called Strike
0-1: Called Strike
0-2: Foul Ball, location: 2F
0-2: Ball
1-2: Ball
2-2: Foul Ball, location: 2F
2-2: Strikes out swinging
Bottom of the 1st over - 0 runs, 0 hits, 0 errors, 0 left on base; Atlantic City 0 - Biloxi 0
TOP OF THE 2ND
Atlantic City Sonics batting - Pitching for Biloxi Shuckers : LHP Morgan Novak
Batting: SHB John Clements 0-0: Ball
1-0: Foul Ball, location: 2F
1-1: Foul Ball, location: 2F
1-2: Ball
2-2: Ball
3-2: DOUBLE (Line Drive, 7LS, EV 101.9 MPH)
Batting: RHB Denis Perrin 0-0: Called Strike
0-1: SINGLE (Line Drive, 89S, EV 108.1 MPH)
John Clements to third
Runner from 3rd tries for Home, throw by RF and OUT! 9-2
Batting: LHB Luis Ortíz 0-0: Ball
1-0: Ball
2-0: Foul Ball, location: 2F
2-1: Called Strike
2-2: Strikes out swinging
Batting: LHB Jorge Quilez 0-0: Ball
1-0: Called Strike
1-1: Foul Ball, location: 2F
1-2: Strikes out looking
Top of the 2nd over - 0 runs, 2 hits, 0 errors, 1 left on base; Atlantic City 0 - Biloxi 0
BOTTOM OF THE 2ND
Biloxi Shuckers batting - Pitching for Atlantic City Sonics : LHP Pepe Fontirroig
Batting: RHB Guan-xiu Long 0-0: Ball
1-0: Ball
2-0: Ball
3-0: Base on Balls
Batting: RHB Randy Moore 0-0: Fly out, F6 (Line Drive, 6, EV 71.9 MPH)
Batting: RHB Tyler Namaes 0-0: Ball
1-0: Called Strike
1-1: Foul Ball, location: 2F
1-2: Foul Ball, location: 2F
1-2: Foul Ball, location: 2F
1-2: Strikes out looking
Batting: RHB Rickard Busald 0-0: Ball
1-0: Called Strike
1-1: Ground out U3 (Groundball, 3S, EV 68.1 MPH)
Bottom of the 2nd over - 0 runs, 0 hits, 0 errors, 1 left on base; Atlantic City 0 - Biloxi 0
TOP OF THE 3RD
Atlantic City Sonics batting - Pitching for Biloxi Shuckers : LHP Morgan Novak
Batting: RHB Jerry Scott 0-0: Ball
1-0: Ball
2-0: Ball
3-0: Called Strike
3-1: Base on Balls
Batting: RHB Garm van Opdorp 0-0: Fly out, F8 (Line Drive, 8RM, EV 108.8 MPH)
Batting: RHB Román Ramírez 0-0: Ball
1-0: Ball
2-0: Foul Ball, location: 2F
2-1: Called Strike
2-2: Strikes out swinging
Batting: RHB Raffaello Dichio 0-0: Ball
1-0: Foul Ball, location: 2F
1-1: Ball
2-1: Ball
3-1: Base on Balls
Jerry Scott to second
Batting: RHB Luis Rodríguez 0-0: Ball
1-0: Foul Ball, location: 2F
1-1: Called Strike
1-2: Ball
Wild Pitch!
Jerry Scott to third
Raffaello Dichio to second
2-2: Ball
3-2: Foul Ball, location: 2F
3-2: Base on Balls
Batting: SHB John Clements 0-0: Foul Ball, location: 2F
0-1: Called Strike
0-2: Strikes out looking
Top of the 3rd over - 0 runs, 0 hits, 0 errors, 3 left on base; Atlantic City 0 - Biloxi 0
BOTTOM OF THE 3RD
Biloxi Shuckers batting - Pitching for Atlantic City Sonics : LHP Pepe Fontirroig
Batting: RHB Emílio Vivas 0-0: Called Strike
0-1: Foul Ball, location: 2F
0-2: Ball
1-2: Ball
2-2: Foul Ball, location: 2F
2-2: Foul Ball, location: 2F
2-2: Ball
3-2: Foul Ball, location: 2F
3-2: Fly out, F9 (Flyball, 89M, EV 90.0 MPH)
Batting: RHB Pablo Morterero 0-0: Ball
1-0: Ground out 5-3 (Groundball, 56S, EV 71.9 MPH)
Batting: RHB Raúl Yánez 0-0: Fly out, F9 (Flyball, 9LSF, EV 86.2 MPH)
Bottom of the 3rd over - 0 runs, 0 hits, 0 errors, 0 left on base; Atlantic City 0 - Biloxi 0
TOP OF THE 4TH
Atlantic City Sonics batting - Pitching for Biloxi Shuckers : LHP Morgan Novak
Batting: RHB Denis Perrin 0-0: Called Strike
0-1: SOLO HOME RUN (Flyball, 7D, EV 93.1 MPH), Distance : 374 ft
Batting: LHB Luis Ortíz 0-0: Fly out, F6 (Popup, 6M, EV 58.1 MPH)
Batting: LHB Jorge Quilez 0-0: Swinging Strike
0-1: Ball
1-1: Called Strike
1-2: Ball
2-2: Foul Ball, location: 2F
2-2: Foul Ball, location: 2F
2-2: Strikes out swinging
Batting: RHB Jerry Scott 0-0: Ball
1-0: SINGLE (Flyball, 78S, EV 91.9 MPH)
Batting: RHB Garm van Opdorp 0-0: Ball
1-0: Ball
2-0: Fly out, F9 (Flyball, 9LMF, EV 102.5 MPH)
Top of the 4th over - 1 run, 2 hits, 0 errors, 1 left on base; Atlantic City 1 - Biloxi 0
BOTTOM OF THE 4TH
Biloxi Shuckers batting - Pitching for Atlantic City Sonics : LHP Pepe Fontirroig
Batting: RHB Ricardo Ojíto 0-0: Ball
1-0: Ground out 5-3 (Groundball, 56, EV 86.9 MPH)
Batting: RHB Habib Othman 0-0: Fly out, F8 (Flyball, 8RM, EV 90.6 MPH)
Batting: RHB Guan-xiu Long 0-0: Foul Ball, location: 2F
0-1: SINGLE (Line Drive, 9LS, EV 88.8 MPH)
Batting: RHB Randy Moore 0-0: Ball
Wild Pitch!
Guan-xiu Long to second
1-0: 2-RUN HOME RUN (Flyball, 7D, EV 94.4 MPH), Distance : 406 ft
Batting: RHB Tyler Namaes 0-0: Called Strike
0-1: Ball
1-1: Ball
2-1: Foul Ball, location: 2F
2-2: Fly out, F8 (Flyball, 78M, EV 82.5 MPH)
Bottom of the 4th over - 2 runs, 2 hits, 0 errors, 0 left on base; Atlantic City 1 - Biloxi 2
TOP OF THE 5TH
Atlantic City Sonics batting - Pitching for Biloxi Shuckers : LHP Morgan Novak
Pitching: RHP Ron Holland
Batting: RHB Román Ramírez 0-0: Ball
1-0: Ball
2-0: Ball
3-0: Base on Balls
Batting: RHB Raffaello Dichio 0-0: SINGLE (Groundball, 6MD, EV 101.9 MPH)
Román Ramírez to second
Batting: RHB Luis Rodríguez 0-0: SINGLE (Line Drive, 9S, EV 89.4 MPH)
Román Ramírez to third
Raffaello Dichio to second
Runner from 3rd tries for Home, throw by RF and OUT! 9-2
Batting: SHB John Clements 0-0: Ball
1-0: Grounds into double play, 6-4-3 (Groundball, 6M, EV 79.4 MPH)
Top of the 5th over - 0 runs, 2 hits, 0 errors, 1 left on base; Atlantic City 1 - Biloxi 2
BOTTOM OF THE 5TH
Biloxi Shuckers batting - Pitching for Atlantic City Sonics : LHP Pepe Fontirroig
Batting: RHB Rickard Busald 0-0: Fly out, F7 (Flyball, 7D, EV 82.5 MPH)
Batting: RHB Emílio Vivas 0-0: Called Strike
0-1: Ground out U3 (Groundball, 3, EV 84.4 MPH)
Batting: RHB Pablo Morterero 0-0: Ball
1-0: Ball
2-0: Ground out U3 (Groundball, 34, EV 101.2 MPH)
Bottom of the 5th over - 0 runs, 0 hits, 0 errors, 0 left on base; Atlantic City 1 - Biloxi 2
TOP OF THE 6TH
Atlantic City Sonics batting - Pitching for Biloxi Shuckers : RHP Ron Holland
Batting: RHB Denis Perrin 0-0: Called Strike
0-1: Fly out, F7 (Flyball, 78M, EV 83.1 MPH)
Batting: LHB Luis Ortíz 0-0: Ground out 4-3 (Groundball, 4, EV 92.5 MPH)
Batting: LHB Jorge Quilez 0-0: Bunt for hit to 23 - play at first, batter safe!
Batting: RHB Jerry Scott 0-0: Called Strike
0-1: Ball
1-1: Ball
2-1: Fly out, F8 (Flyball, 78S, EV 90.0 MPH)
Top of the 6th over - 0 runs, 1 hit, 0 errors, 1 left on base; Atlantic City 1 - Biloxi 2
BOTTOM OF THE 6TH
Biloxi Shuckers batting - Pitching for Atlantic City Sonics : LHP Pepe Fontirroig
Batting: RHB Raúl Yánez 0-0: Ball
1-0: DOUBLE (Line Drive, 89XD, EV 99.4 MPH)
Batting: RHB Ricardo Ojíto 0-0: Ball
1-0: Reached on error, E9 (Line Drive, 9D, EV 90.6 MPH)
Raúl Yánez scores
Batting: RHB Habib Othman 0-0: Fly out, F8 (Flyball, 8RXD, EV 105.0 MPH)
Runner from 2nd tags up, SAFE at 3rd, no throw by CF
Batting: RHB Guan-xiu Long 0-0: Ball
1-0: Called Strike
1-1: Foul Ball, location: 2F
1-2: Strikes out swinging
Batting: RHB Randy Moore 0-0: Ball
1-0: Called Strike
1-1: Ball
2-1: DOUBLE (Line Drive, 9LM, EV 102.5 MPH)
Ricardo Ojíto scores
Batting: RHB Tyler Namaes 0-0: Called Strike
0-1: Swinging Strike
0-2: Ball
1-2: Strikes out swinging
Bottom of the 6th over - 2 runs, 2 hits, 1 error, 1 left on base; Atlantic City 1 - Biloxi 4
TOP OF THE 7TH
Atlantic City Sonics batting - Pitching for Biloxi Shuckers : RHP Ron Holland
Batting: RHB Garm van Opdorp 0-0: Ground out 5-3 (Groundball, 56, EV 92.5 MPH)
Batting: RHB Román Ramírez 0-0: Called Strike
0-1: Foul Ball, location: 2F
0-2: Ball
1-2: Foul Ball, location: 2F
1-2: Fly out, F9 (Flyball, 9, EV 88.8 MPH)
Batting: RHB Raffaello Dichio 0-0: Foul Ball, location: 2F
0-1: Fly out, F8 (Flyball, 89D, EV 85.6 MPH)
Top of the 7th over - 0 runs, 0 hits, 0 errors, 0 left on base; Atlantic City 1 - Biloxi 4
BOTTOM OF THE 7TH
Biloxi Shuckers batting - Pitching for Atlantic City Sonics : LHP Pepe Fontirroig
Batting: RHB Rickard Busald 0-0: Fly out, F6 (Popup, 6MS, EV 85.0 MPH)
Batting: RHB Emílio Vivas 0-0: Foul Ball, location: 2F
0-1: Ball
1-1: Ball
2-1: Ball
3-1: Ground out 4-3 (Groundball, 34, EV 79.4 MPH)
Batting: RHB Pablo Morterero 0-0: Called Strike
0-1: Foul Ball, location: 2F
0-2: Strikes out swinging
Bottom of the 7th over - 0 runs, 0 hits, 0 errors, 0 left on base; Atlantic City 1 - Biloxi 4
TOP OF THE 8TH
Atlantic City Sonics batting - Pitching for Biloxi Shuckers : RHP Ron Holland
Now in LF: Joselito Amengual
Batting: RHB Luis Rodríguez 0-0: Ground out 6-3 (Groundball, 6M, EV 103.1 MPH)
Batting: SHB John Clements 0-0: Called Strike
0-1: Ball
1-1: Fly out, F5 (Popup, 56S, EV 73.1 MPH)
Batting: RHB Denis Perrin 0-0: Called Strike
0-1: Ball
1-1: Ball
2-1: Fly out, F9 (Flyball, 9S, EV 94.4 MPH)
Top of the 8th over - 0 runs, 0 hits, 0 errors, 0 left on base; Atlantic City 1 - Biloxi 4
BOTTOM OF THE 8TH
Biloxi Shuckers batting - Pitching for Atlantic City Sonics : LHP Pepe Fontirroig
Batting: RHB Raúl Yánez 0-0: Foul Ball, location: 2F
0-1: Ball
1-1: Ball
2-1: Foul Ball, location: 2F
2-2: Ball
3-2: Foul Ball, location: 2F
3-2: Foul Ball, location: 2F
3-2: Foul Ball, location: 2F
3-2: Base on Balls
Batting: RHB Joselito Amengual 0-0: Ball
1-0: Bunted foul
1-1: Sac Bunt to 13S - play at first, batter OUT! 1-4
Raúl Yánez to second
Pitching: RHP Craig Gunter
Batting: RHB Habib Othman 0-0: Ball
1-0: DOUBLE (Line Drive, 89XD, EV 107.5 MPH)
Raúl Yánez scores
Batting: RHB Guan-xiu Long 0-0: Called Strike
Habib Othman steals 3rd base
0-1: Ball
1-1: Foul Ball, location: 2F
1-2: Ball
2-2: Ball
3-2: Foul Ball, location: 2F
3-2: Fly out, F9 (Line Drive, 9, EV 85.0 MPH)
Runner from 3rd tags up, SCORES, throw by RF
Batting: RHB Randy Moore 0-0: Ball
1-0: Ball
2-0: Foul Ball, location: 2F
2-1: Swinging Strike
2-2: Strikes out swinging
Bottom of the 8th over - 2 runs, 1 hit, 0 errors, 0 left on base; Atlantic City 1 - Biloxi 6
TOP OF THE 9TH
Atlantic City Sonics batting - Pitching for Biloxi Shuckers : RHP Ron Holland
Batting: LHB Luis Ortíz 0-0: Ball
1-0: Called Strike
1-1: Ball
2-1: Ball
3-1: Called Strike
3-2: SINGLE (Groundball, 34D, EV 100.6 MPH)
Batting: LHB Jorge Quilez 0-0: Ball
1-0: Fly out, F8 (Line Drive, 8RD, EV 88.1 MPH)
Batting: RHB Jerry Scott 0-0: Called Strike
0-1: Foul Ball, location: 2F
0-2: 2-RUN HOME RUN (Flyball, 7D, EV 88.1 MPH), Distance : 371 ft
Batting: RHB Garm van Opdorp 0-0: Called Strike
0-1: Ball
1-1: Ball
2-1: Foul Ball, location: 2F
2-2: Foul Ball, location: 2F
2-2: Ball
3-2: SINGLE (Groundball, 6MD, EV 98.8 MPH)
Pitching: RHP Luis Valdés
Batting: RHB Román Ramírez 0-0: Foul Ball, location: 2F
0-1: Ball
1-1: Called Strike
1-2: Foul Ball, location: 2F
1-2: Ball
2-2: Foul Ball, location: 2F
2-2: Strikes out swinging
Batting: RHB Raffaello Dichio 0-0: Ball
Wild Pitch!
Garm van Opdorp to second
1-0: Called Strike
1-1: Foul Ball, location: 2F
1-2: Ball
2-2: SINGLE (Groundball, 56S, EV 75.6 MPH) (infield hit)
Garm van Opdorp to third
Batting: RHB Luis Rodríguez 0-0: Called Strike
0-1: Foul Ball, location: 2F
0-2: Foul Ball, location: 2F
0-2: Ball
1-2: Ball
2-2: Ball
3-2: Foul Ball, location: 2F
3-2: Base on Balls
Raffaello Dichio to second
Batting: SHB John Clements 0-0: Ball
1-0: Ball
2-0: Called Strike
2-1: Called Strike
2-2: Ball
3-2: Foul Ball, location: 2F
3-2: Foul Ball, location: 2F
3-2: Ground out 4-3 (Groundball, 4, EV 82.5 MPH)
Top of the 9th over - 2 runs, 4 hits, 0 errors, 3 left on base; Atlantic City 3 - Biloxi 6
Friday, March 26th, 2021 - OOTP Baseball 20.8 Build 74